 Dungeon Crawl Stone Soup version 0.27.1-3-gb3d3a73c9e (webtiles) character file.

Game seed: 2483306817841064144

41538 jlumianski the Cleaver (level 14, 0/88 HPs)
             Began as a Gargoyle Fighter on Oct 23, 2021.
             Was a Priest of Qazlal.
             Killed from afar by a manticore (18 damage)
             ... with a volley of spikes
             ... on level 14 of the Dungeon on Oct 24, 2021.
             The game lasted 01:35:33 (15951 turns).

jlumianski the Cleaver (Gargoyle Fighter)          Turns: 15951, Time: 01:35:33

Health: 0/88       AC: 29    Str: 24    XL:     14   Next: 15%
Magic:  16/21      EV:  8    Int: 10    God:    Qazlal [***...]
Gold:   610        SH:  4    Dex:  9    Spells: 13/13 levels left

rFire    . . .     SeeInvis .   H - +1 battleaxe "Enanwic" {elec, Will+}
rCold    + . .     Faith    .   (shield currently unavailable)
rNeg     + . .     Spirit   .   J - +0 plate armour
rPois    ∞         Reflect  .   (no helmet)
rElec    +         Harm     .   (no cloak)
rCorr    .         Rampage  .   t - +2 pair of gloves
Will     ++...                  (no boots)
Stlth    ..........             C - amulet of regeneration
HPRegen  1.24/turn              c - ring of protection from cold
MPRegen  0.17/turn              (no ring)

@: spiked, flying, very slightly contaminated, invisible
A: sickness immunity, AC +10, big wings, negative energy resistance 1,
electricity resistance, torment resistance 1, petrification resistance
a: Renounce Religion, Upheaval, Elemental Force


You were on level 14 of the Dungeon.
You worshipped Qazlal.
Qazlal was most pleased with you.
You visited 2 branches of the dungeon, and saw 15 of its levels.

You collected 937 gold pieces.
You spent 327 gold pieces at shops.

Inventory:

Hand Weapons
 a - a +0 scimitar of holy wrath
 e - the +9 rapier "Nopp" {flame, rPois rF+ Will-}
   (You found it on level 5 of the Dungeon)

   It burns those it strikes, dealing additional fire damage.
   rF:        It protects you from fire.
   rPois:     It protects you from poison.
   Will:      It decreases your willpower.
 l - a +4 dagger of holy wrath
 H - the +1 battleaxe "Enanwic" (weapon) {elec, Will+}
   (You bought it in a shop on level 7 of the Dungeon)

   It occasionally discharges a powerful burst of electricity upon striking a
   foe.
   Will:      It increases your willpower.
Missiles
 k - 3 curare-tipped darts
 s - 7 javelins
 u - 12 boomerangs (quivered)
 B - 50 poisoned darts
 D - a throwing net
Armour
 t - a +2 pair of gloves (worn)
 J - a +0 plate armour (worn)
Jewellery
 c - a ring of protection from cold (left hand)
 f - an amulet of reflection
 C - an amulet of regeneration (around neck)
 F - an amulet of magic regeneration
Wands
 j - a wand of digging (5)
 y - a wand of mindburst (7)
 E - a wand of iceblast (2)
Scrolls
 g - 2 scrolls of magic mapping
 h - a scroll of immolation
 n - 11 scrolls of teleportation
 o - a scroll of fog
 p - 2 scrolls of fear
 r - a scroll of amnesia {unknown}
 w - a scroll of brand weapon
 x - a scroll of enchant armour
 z - a scroll of holy word
Potions
 b - 2 potions of cancellation {unknown}
 d - 2 potions of might
 i - 3 potions of flight
 m - 5 potions of lignification
 q - 3 potions of invisibility
 v - 4 potions of haste
 A - 2 potions of attraction {unknown}
 G - a potion of curing
 I - a potion of brilliance {unknown}


   Skills:
 + Level 10.3 Fighting
 + Level 0.5 Short Blades
 + Level 14.1 Axes
 + Level 2.1 Throwing
 + Level 11.6 Armour
 + Level 3.6 Dodging
 - Level 1.4 Stealth
 - Level 7.8 Shields
 + Level 0.4 Unarmed Combat
 * Level 10.1 Invocations
 + Level 0.8 Evocations


You had 13 spell levels left.
You didn't know any spells.
Your spell library contained the following spells:

 Spells                   Type           Power      Damage    Failure   Level
 Beastly Appendage        Tmut           0%         N/A       98%         1
 Magic Dart               Conj           0%         1d3       98%         1
 Call Imp                 Summ           0%         N/A       99%         2
 Corpse Rot               Necr/Air       N/A        N/A       99%         2
 Poisonous Vapours        Pois/Air       0%         N/A       99%         2
 Wereblood                Tmut           0%         N/A       99%         2
 Dazzling Flash           Conj/Hex       0%         N/A       100%        3
 Mephitic Cloud           Conj/Pois/Air  0%         N/A       100%        3
 Spider Form              Tmut/Pois      0%         N/A       100%        3
 Petrify                  Tmut/Erth      0%         N/A       100%        4
 Agony                    Necr           0%         N/A       100%        5
 Freezing Cloud           Conj/Ice/Air   0%         6-21      100%        5
 Metabolic Englaciation   Hex/Ice        0%         N/A       100%        5
 Silence                  Hex/Air        0%         N/A       100%        5
 Statue Form              Tmut/Erth      Unusable   N/A       N/A         6

Dungeon Overview and Level Annotations

Branches:
Dungeon (14/15)            Temple (1/1) D:5            Lair (0/6) D:9
    Orc (0/2) D:12
 Vaults: D:13-14

Altars:
Ashenzari
Cheibriados
Dithmenos
Elyvilon
Fedhas
Gozag
Hepliaklqana
Kikubaaqudgha
Makhleb
Nemelex Xobeh
Okawaru
Qazlal
Ru
Sif Muna
Trog
Uskayaw
Vehumet
Wu Jian
Xom
Yredelemnul
Zin
The Shining One
Beogh
Jiyva

Shops:
D:5 ?   D:7 (   D:11 (   D:12 [[(

Annotations:
D:14 3 runed translucent doors, Ataamo Cuhex's ghost, legendary MiBe


Innate Abilities, Weirdness & Mutations

You are immune to sickness and miasma.
Your stone body is resilient. (AC +10)
You are immune to poison.
Your large and strong wings let you fly.
You resist negative energy. (rN+)
You are resistant to electric shocks. (rElec)
You are resistant to unholy torment.
You are immune to petrification.


Message History

The arrow hits you!
* * * LOW HITPOINT WARNING * * *
Your air elemental fires a burst of electricity at the two-headed ogre.
The stunning burst hits the two-headed ogre!
The two-headed ogre is paralysed.
The manticore flicks its tail.
The volley of spikes hits the two-headed ogre!
You are very lightly contaminated with residual magic.
The two-headed ogre is no longer paralysed.
The centaur warrior unwields a +0 shortbow.
The centaur warrior hits your air elemental.
The centaur warrior misses your air elemental.
The two-headed ogre misses your air elemental.
The two-headed ogre closely misses your air elemental.
Your air elemental barely misses the two-headed ogre.
Your fire elemental hits the two-headed ogre.
Your fire elemental burns the two-headed ogre!
Your air elemental hits the two-headed ogre.
The centaur warrior hits your air elemental.
The centaur warrior kicks your air elemental.
Your air elemental hits the centaur warrior.
The vault guard hits your fire elemental with a +0 war axe of electrocution!
Your fire elemental hits the two-headed ogre.
Your fire elemental burns the two-headed ogre!
The two-headed ogre barely misses your air elemental. x2
The centaur warrior completely misses your air elemental.
The centaur warrior kicks your air elemental.
Your air elemental hits the centaur warrior!
You feel better.
Your air elemental disappears in a puff of smoke!
Your fire elemental hits the two-headed ogre.
Your fire elemental burns the two-headed ogre!
The two-headed ogre dies!
Qazlal accepts your kill.
The vault guard hits your fire elemental with a +0 war axe of electrocution!!
Your fire elemental is destroyed!
The manticore flicks its tail.
The volley of spikes hits you!!
The barbed spikes become lodged in your body.
You die...

.....####......##.####....##+++##
.....'...................##...JJ#
..[..####...##.##.####...#.....JW
..<.## ##........# #.#.#.......
...## #.##..##.####...#.......
..## #.##.###........##.([![# '##
#.##.# #........###)_?## .#
#.##.###..H.....#.######
.#########......@..).......##...
..............####°c.z...####..#
..##.#.###########..○pl..# #..#
...#.#.# #.....†....####..#.
..##.#.# #.#####.#.)........
.....#.# # #.#####.###.. .#####.#
#.. l..# . .# #.# ......#.#
.#####.# .##...#..


You could see a vault guard, a skeletal warrior, a centaur warrior, a manticore
and a basilisk.

Vanquished Creatures
  Snorg (D:10)
  Harold (D:6)
  A hydra (D:12)
  4 boulder beetles
  2 two-headed ogres
  A death knight (D:11)
  6 centaur warriors
  A tengu warrior (D:14)
  6 skeletal warriors
  Nergalle (D:10)
  3 deep elf pyromancers
  An orc knight (D:9)
  A manticore (D:10)
  5 ugly things
  2 cyclopes
  3 centaur zombies
  2 gargoyles
  Psyche (D:10)
  4 freezing wraiths
  Maggie (D:9)
  2 komodo dragons
  5 yaktaurs
  2 trolls (D:12)
  3 meliai
  A hornet (D:8)
  14 slime creatures
  A shadow (D:11)
  31 yaks
  2 wraiths
  A basilisk (D:12)
  2 steam dragons
  9 vampire mosquitoes
  3 acid dragons
  6 water moccasins
  Duvessa (D:3)
  4 orc warriors
  2 sky beasts
  A black bear (D:9)
  2 ice beasts
  3 necrophages (D:10)
  2 boggarts (D:13)
  20 centaurs
  2 gnoll sergeants
  2 bullfrogs
  4 scorpions
  Dowan (D:3)
  A water moccasin skeleton (D:6)
  4 killer bees (D:9)
  13 wights
  3 howler monkeys (D:10)
  2 bullfrog zombies
  3 jellies
  2 centaur skeletons
  3 orc priests
  5 orc wizards
  A mummy (D:5)
  5 gnolls
  10 adders
  A shadow imp (D:8)
  3 white imps
  2 ufetubi
  2 adder skeletons (D:4)
  2 worms (D:2)
  2 dart slugs
  36 orcs
  3 bats
  5 endoplasms
  5 giant cockroaches
  2 goblins
  7 hobgoblins
  4 jackals (D:1)
  5 kobolds
  4 quokkas
  6 ball pythons
  5 frilled lizards
  3 kobold zombies (D:5)
  An orc zombie (D:5)
  3 rats
326 creatures vanquished.

Vanquished Creatures (collateral kills)
  A two-headed ogre (D:14)
  Urug (D:11)
  A yak (shapeshifter) (D:14)
3 creatures vanquished.

Vanquished Creatures (others)
  A wraith (D:10)
  A steam dragon (D:10)
  2 orc wizards (D:9)
  31 fungi (D:9)
  47 plants
  8 withered plants (D:10)
90 creatures vanquished.

Grand Total: 419 creatures vanquished

Notes
Turn   | Place    | Note
-------+----------+-------------------------------------------
     0 | D:1      | jlumianski the Gargoyle Fighter began the quest for the
                  | Orb.
     0 | D:1      | Reached XP level 1. HP: 14/14 MP: 1/1
   318 | D:1      | Reached skill level 2 in Axes
   431 | D:1      | Reached XP level 2. HP: 18/19 MP: 2/2
   729 | D:1      | Found a faded altar of an unknown god.
  1182 | D:2      | Reached XP level 3. HP: 23/23 MP: 3/3
  1527 | D:2      | Reached skill level 3 in Axes
  1658 | D:3      | Reached XP level 4. HP: 22/28 MP: 4/4
  2614 | D:3      | Reached XP level 5. HP: 32/32 MP: 5/5
  2646 | D:4      | Reached skill level 1 in Dodging
  2838 | D:3      | Reached skill level 4 in Axes
  3077 | D:4      | Reached XP level 6. HP: 30/38 MP: 6/6
  3085 | D:4      | Noticed Dowan
  3086 | D:4      | Noticed Duvessa
  3155 | D:3      | Killed Duvessa
  3303 | D:3      | Killed Dowan
  3578 | D:4      | Found a bloodstained altar of Trog.
  3884 | D:5      | Entered Level 5 of the Dungeon
  3959 | D:5      | Reached skill level 5 in Axes
  3959 | D:5      | Reached XP level 7. HP: 35/42 MP: 7/7
  4110 | D:5      | Found a staircase to the Ecumenical Temple.
  4148 | Temple   | Entered the Ecumenical Temple
  4262 | Temple   | Became a worshipper of Qazlal Stormbringer
  4484 | D:5      | Identified the +9 rapier "Nopp" {flame, rPois rF+ Will-}
  5046 | D:6      | Reached skill level 5 in Armour
  5081 | D:6      | Noticed a yak
  5097 | D:5      | Killed a yak
  5098 | D:5      | Reached skill level 1 in Stealth
  5098 | D:5      | Reached XP level 8. HP: 37/48 MP: 8/8
  5209 | D:5      | Reached skill level 6 in Axes
  5213 | D:5      | Reached skill level 5 in Shields
  5346 | D:5      | Found Ameholem's Magic Scroll Shop.
  5358 | D:5      | Bought a scroll of enchant armour for 97 gold pieces
  5667 | D:6      | Noticed a yak
  5667 | D:6      | Noticed a yak
  5667 | D:6      | Noticed a yak
  5667 | D:6      | Noticed a yak
  5721 | D:5      | Killed a yak
  5896 | D:5      | Killed a yak
  5897 | D:5      | Killed a yak
  5950 | D:5      | Killed a yak
  5951 | D:5      | Reached skill level 7 in Axes
  6096 | D:6      | Reached XP level 9. HP: 53/53 MP: 9/9
  6577 | D:7      | Noticed Harold
  6650 | D:6      | HP: 2/53 [Harold (10)]
  6991 | D:6      | HP: 2/79 [Harold (16)]
  6993 | D:6      | Killed Harold
  6994 | D:6      | Reached skill level 5 in Fighting
  7485 | D:6      | Reached skill level 8 in Axes
  7485 | D:6      | Reached skill level 1 in Invocations
  8031 | D:7      | Reached XP level 10. HP: 56/59 MP: 11/11
  8277 | D:7      | Found Wudilut's Antique Weapon Shop.
  8290 | D:7      | Bought an iridescent battleaxe for 230 gold pieces
  8290 | D:7      | Identified the +1 battleaxe "Enanwic" {elec, Will+} (You
                  | bought it in a shop on level 7 of the Dungeon)
  8723 | D:8      | Reached * piety under Qazlal
  8793 | D:8      | Reached skill level 9 in Axes
  9354 | D:9      | Found a staircase to the Lair.
  9430 | D:9      | Reached XP level 11. HP: 64/64 MP: 14/14
  9444 | D:9      | Reached skill level 5 in Invocations
  9528 | D:8      | Reached skill level 10 in Axes
  9593 | D:9      | Reached skill level 1 in Throwing
  9593 | D:9      | Reached ** piety under Qazlal
  9739 | D:9      | Found a runed translucent door.
  9758 | D:9      | Noticed an orc knight
  9793 | D:9      | Killed an orc knight
  9868 | D:9      | Noticed Maggie
  9877 | D:9      | Killed Maggie
 10230 | D:10     | Entered Level 10 of the Dungeon
 10303 | D:10     | Noticed Psyche
 10372 | D:10     | Killed Psyche
 10580 | D:10     | Noticed a two-headed ogre
 10590 | D:10     | Killed a two-headed ogre
 10591 | D:10     | Reached skill level 11 in Axes
 10636 | D:10     | Reached *** piety under Qazlal
 10638 | D:10     | Noticed a centaur warrior
 10646 | D:10     | Killed a centaur warrior
 10667 | D:10     | Noticed a white ugly thing
 10680 | D:10     | Killed a white ugly thing
 10681 | D:10     | Reached XP level 12. HP: 68/72 MP: 17/17
 10776 | D:10     | Noticed Snorg
 10783 | D:10     | Killed Snorg
 11391 | D:11     | Noticed Nergalle
 11401 | D:10     | Killed Nergalle
 11402 | D:10     | Reached skill level 12 in Axes
 11470 | D:11     | Noticed a death knight
 11587 | D:11     | Killed a death knight
 11679 | D:11     | Noticed a two-headed ogre
 11689 | D:11     | Killed a two-headed ogre
 11763 | D:11     | Found Qetaross's Antique Weapon Shoppe.
 11764 | D:11     | Noticed Urug
 11781 | D:11     | Killed Urug
 11782 | D:11     | Reached skill level 10 in Armour
 12245 | D:12     | Noticed a boulder beetle
 12270 | D:12     | Killed a boulder beetle
 12303 | D:12     | Found Myde's Armour Shop.
 12408 | D:12     | Noticed a four-headed hydra
 12613 | D:12     | Killed a four-headed hydra
 12614 | D:12     | Reached XP level 13. HP: 68/79 MP: 19/19
 12887 | D:12     | Reached skill level 13 in Axes
 12970 | D:12     | Found Zaxaw's Weapon Emporium.
 12970 | D:12     | Found a staircase to the Orcish Mines.
 12970 | D:12     | Found Zias's Armour Emporium.
 13290 | D:12     | Found a glowing silver altar of Zin.
 13291 | D:12     | Noticed an angel
 14554 | D:12     | Reached **** piety under Qazlal
 14772 | D:12     | Reached skill level 10 in Fighting
 15105 | D:12     | Gained mutation: Your large and strong wings let you fly.
                  | [Gargoyle growth]
 15105 | D:12     | Reached XP level 14. HP: 88/88 MP: 21/21
 15312 | D:13     | Reached skill level 14 in Axes
 15356 | D:13     | Reached skill level 10 in Invocations
 15445 | D:14     | Found a runed translucent gate.
 15446 | D:14     | Found a runed translucent gate.
 15447 | D:14     | Found a runed translucent gate.
 15450 | D:14     | Noticed a quicksilver ooze
 15452 | D:14     | Noticed a quicksilver ooze
 15452 | D:14     | Noticed Ataamo Cuhex's ghost (legendary MiBe)
 15456 | D:14     | Found a viscous altar of Jiyva.
 15951 | D:14     | Killed from afar by a manticore

Illustrated notes

Levels and vault maps discovered:
D:1:      onia_arrival_pyramid, layout_basic, shapermc_ecumenical_altar_pompeii,
          wad_floor_pattern_untrapped
D:2:      layout_rooms, eino_tiny_chamber
D:3:      layout_loops_ring, dk_noncrumbling_4
D:4:      layout_cave_pools, trog_butcher_becter, uniq_duvessa
D:5:      minmay_skewed_foursquare, layout_gridville, temple_pool_b,
          serial_shops, nicolae_lakefront_shop, minmay_mini_ossuary
D:6:      layout_basic
D:7:      layout_layer_cave, minmay_shop_grid_forest, uniq_harold
D:8:      layout_rooms
D:9:      layout_long_grid, due_lair_maze_entry_diamond,
          lightli_church_of_beogh, uniq_maggie
D:10:     layout_gridville, serial_undead, serial_undead_e, serial_undead_e,
          serial_undead_b, serial_undead_e, minmay_shattered_shrine, uniq_snorg,
          uniq_psyche
D:11:     layout_irregular_city, serial_shops,
          nicolae_shop_competitors_out_of_business, uniq_urug, uniq_nergalle
D:12:     layout_loops_cross, orc_david_3, serial_shops, nicolae_square_shop,
          zin_angel
D:13:     layout_loops_ring, portal_ice_cave_entry_pillars_2
D:14:     layout_loops_corners, lightli_vaults_fourway_checkpoint,
          minmay_misc_feat_alley, gammafunk_ghost_ooze, grunt_potential
Temple:   kilobyte_greek_temple

Skill      XL: |  1  2  3  4  5  6  7  8  9 10 11 12 13 14 |
---------------+-------------------------------------------+-----
Axes           | 2 3 4 5 7 8 9 11 12 13 14 | 14.1
Armour         | 4 5 6 7 8 9 10 11 | 11.6
Dodging        | 1 2 3 |  3.6
Shields        | 4 6 7 |  7.8
Fighting       | 4 5 6 7 8 10 | 10.3
Stealth        | 1 |  1.4
Invocations    | 2 4 6 8 9 10 | 10.1
Throwing       | 1 2 |  2.1
Short Blades   | |  0.5
Unarmed Combat | |  0.4
Evocations     | |  0.8

Action                   |  1- 3 |  4- 6 |  7- 9 | 10-12 | 13-15 || total
-------------------------+-------+-------+-------+-------+-------++-------
Melee: War axe           |    86 |   185 |   222 |       |       ||   493
       Unarmed           |       |     7 |       |       |       ||     7
       Hand axe          |       |       |    67 |    13 |       ||    80
       Battleaxe         |       |       |       |   490 |   279 ||   769
       Rapier            |       |       |       |     3 |     5 ||     8
Throw: Stone             |     4 |     3 |       |       |       ||     7
       Boomerang         |       |       |     4 |    12 |     2 ||    18
       Javelin           |       |       |       |     4 |     2 ||     6
       Dart              |       |       |       |     4 |       ||     4
Invok: Upheaval          |       |       |       |     2 |     1 ||     3
       Elemental Force   |       |       |       |     2 |     1 ||     3
Evoke: Wand              |       |       |       |     4 |       ||     4
  Use: Potion            |       |     1 |     7 |     2 |     3 ||    13
       Scroll            |       |       |    15 |     4 |     2 ||    21
 Stab: Paralysed         |       |       |       |     1 |       ||     1
Armor: Scale mail        |    48 |    75 |   118 |    11 |       ||   252
       Skin              |       |     2 |       |     4 |       ||     6
       Chain mail        |       |       |       |    89 |       ||    89
       Plate armour      |       |       |       |   394 |   370 ||   764
Dodge: Dodged            |    17 |    57 |    60 |   259 |   174 ||   567
       Repelled          |       |       |       |       |     2 ||     2
Block: Kite shield       |    65 |   158 |   244 |    13 |       ||   480
       Reflection        |       |     8 |     9 |       |     9 ||    26
       Other             |       |       |       |    58 |   112 ||   170
